woodfighter, neutral female scurrid Tourist ------- |.*<..| |.....| |.....| |.....| I ----.-- I # @ ## # % # ## # # # # #### # ------.---# |........-# |........| |........| ----..>..| |.^.).| ------- woodfighter the Sightseer Experience level: 5 Strength: 13 Dexterity: 12 Constitution: 14 Intelligence: 11 Wisdom: 9 Charisma: 17 Health: 0(29) Energy: 12(12) Def: 6 Gold: 1136 Moves: 1693 Dungeon seed: boUStze-5AWoXHc7 Game ID: woodfighter_1527191479 Your Inventory: Coins $ - 1136 gold pieces Amulets s - a cursed amulet of strangulation Weapons a - 46 +2 darts (in quiver) B - a blessed +11 dagger named Dagger of Bloodlust Armor e - an uncursed +0 Hawaiian shirt (being worn) q - an uncursed +0 dwarvish mithril-coat (being worn) Comestibles b - an uncursed lembas wafer c - an uncursed apple d - 4 uncursed food rations f - 3 uncursed tripe rations g - an uncursed chestnut i - 2 uncursed eucalyptus leaves j - an uncursed egg G - 2 uncursed sprigs of wolfsbane Q - 2 uncursed cloves of garlic Scrolls h - an uncursed scroll of blank paper k - 4 uncursed scrolls of magic mapping E - an uncursed scroll of enchant weapon X - an uncursed scroll of light Spellbooks L - an uncursed spellbook of cure blindness Potions m - an uncursed potion of levitation w - 3 uncursed potions of hallucination Z - an uncursed potion of booze Rings p - an uncursed ring of hunger r - an uncursed +6 ring of gain constitution R - an uncursed ring of regeneration Wands n - a wand of secret door detection (0:11) A - a wand of sleep (0:5) F - a wand of locking (0:4) P - a wand of secret door detection (0:15) Tools l - an expensive camera (0:84) o - an uncursed towel y - an uncursed credit card Spells and supernatural/magical abilities: Name Level Category Fail Memory W - pray for help -- divine ? -- Your skills at the end: Miscellaneous Skills wands [Basic] Weapon Skills dart [Basic] Spellcasting Skills Final Attributes: You were devoutly aligned. You had infravision. You were stealthy. You are dead. Vanquished creatures: an imp a rock piercer a kitten a homunculus 10 hill orcs a dwarf zombie 3 coyotes a hobbit an acid blob a large kobold 2 geckos 5 giant rats 2 cave spiders a gnome 5 jackals a kobold a sewer rat 6 grid bugs 2 bats 2 lichens 3 kobold zombies 51 creatures vanquished. Voluntary challenges: You were vegetarian. You did not adorn yourself with jewelry or accessories. You did not cause conflict. You were not invisible. You did not have reflection. You were not displaced. You never hit with a wielded weapon. You did not apply a unicorn horn. You did not use plumbed fixtures. You did not drink any magical draughts. You read items or engraved 1 time, starting on turn 924. You never genocided any monsters. You never polymorphed an object. You never changed form. You used no wishes. You never split a pudding. You never wrote Elbereth's name. You never violated your personal moral code. Dungeon overview: The Dungeons of Doom: levels 1 to 7 Level 1 a fountain a long staircase Level 2 an armor shop, a fountain stairs to The Gnomish Mines Level 3 (stash near downstairs) Level 4 a jewelry store, an altar to Offler, a fountain Level 5 many fountains Level 6 <- You were here Level 7 The Gnomish Mines: Level 3 stairs to The Dungeons of Doom History has recorded: On T:1 you entered the Dungeons of Doom to retrieve the Amulet of Yendor! On T:88 you reached level 2 of The Dungeons of Doom. On T:295 you reached level 1 of The Gnomish Mines. On T:313 you reached level 3 of The Dungeons of Doom. On T:686 you reached level 4 of The Dungeons of Doom. On T:691 you advanced to experience level 2. On T:1094 you advanced to experience level 3. On T:1346 you reached level 5 of The Dungeons of Doom. On T:1366 you advanced to experience level 4. On T:1394 you advanced to experience level 5. On T:1552 you reached level 6 of The Dungeons of Doom. On T:1664 you reached level 7 of The Dungeons of Doom. Score breakdown: Gold: 717 ( 71 points) Experience: 5 levels ( 400 points) Exploration: 7 levels ( 180 points) Discoveries: 14 items ( 700 points) Variety of kills: 21 monsters ( 1050 points) Major goal: (nothing yet) ( 0 points) Survival: died (score multiplied by 3) Total score: 7203 Latest messages: This door is locked. You succeed in picking the lock. The door resists! The door opens. Wait! There's something there you can't see! There's still a monster there. Something claws you! (2x) Something bites! Something claws you! (2x) Something misses. You displace kitty. You hear some noises. Kitty is killed! (2x) The dart hits it. The dart misses. (2x) You attack thin air. a - a +2 dart (in quiver). Something misses. Something just misses! Something bites! The dart misses. Something claws you! (2x) You die... Final status: Aloha woodfighter the Tourist, killed by an invisible quasit... You died in The Dungeons of Doom on dungeon level 6 with 7203 points, and 1136 pieces of gold, after 1693 moves. You were level 5 with a maximum of 29 hit points when you died.